Unix NetHack Version 3.7.0-53 Work-in-progress - last build Apr 18 2022 03:42:42 (02b85442fffe0e2954e411e09df771b56fe27bbc,branch:master). Game began 2022-05-08 19:06:29, ended 2022-05-09 07:50:52. Arasaka, neutral female gnomish Healer G ------ .d..o.| .....@-- ......-- .....:.- ....<... ....... -.... --. Arasaka the Rhizotomist St:10 Dx:10 Co:15 In:9 Wi:15 Ch:17 Neutral Dlvl:4 $:11 HP:0(12) Pw:6(7) AC:8 Xp:1/11 T:1449 Latest messages: Korone misses the grid bug. You see here a hooded cloak. Korone bites the grid bug. The grid bug is killed! Korone bites the newt. The newt is killed! You see here a hooded cloak. i - a hooded cloak. What do you want to take off? [bo or ?*] You were wearing a +0 coarse mantelet. What do you want to wear? [io or ?*] You are now wearing a hooded cloak. What do you want to take off? [bi or ?*] You were wearing a +0 hooded cloak. What do you want to wear? [io or ?*] You are now wearing a hooded cloak. What do you want to drop? [$a-cgik-oruzB or ?*] You drop a +0 coarse mantelet. What do you want to use or apply? [cgmruzB or ?*] In what direction? Status of Korone (neutral): Level 4 HP 25(32) AC 5, tame. Korone drops a green mold corpse. You descend the stairs. You see here a long sword. Korone bites the gnome. The gnome is killed! You see here a thonged club. j - a thonged club. What do you want to wield? [- ajl or ?*] You secure the tether. j - a thonged club (tethered weapon in hand). What do you want to throw? [$ajl or ?*] In what direction? What do you want to adjust? [a-cgi-nruzB or ?*] Adjust letter to what [d-fhjo-qstv-yAC-Z] (? see used letters)? Moving: t - a thonged club (tethered weapon in hand). What do you want to drop? [$a-cgik-nrtuzB or ?*] You drop a thonged club. The goblin picks up a long sword. t - a thonged club. You hear crashing rock. The goblin wields a long sword! What do you want to wield? [- alt or ?*] You secure the tether. t - a thonged club (tethered weapon in hand). Korone misses the goblin. You hear an E flat squeak in the distance. The goblin swings his long sword. The goblin hits! You die... Major events: Turn 1: Arasaka the neutral female gnomish Healer entered the dungeon 499: entered the Gnomish Mines 1449: killed by a goblin Inventory: Coins ('$') $ - 11 gold pieces Weapons (')') l - an uncursed +0 orcish dagger named !C a - an uncursed +0 scalpel t - an uncursed +0 aklys (tethered weapon in hand) Armor ('[') b - an uncursed +1 pair of leather gloves (being worn) i - an uncursed +0 dwarvish cloak (being worn) Comestibles ('%') k - 2 uncursed apples n - an uncursed food ration Wands ('/') g - an uncursed wand of sleep (0:5) Tools ('(') z - an uncursed sack containing 14 items m - an uncursed brass lantern (lit) B - an uncursed brass lantern c - an uncursed stethoscope r - an uncursed tin opener u - an uncursed towel Contents of the sack: 1290 gold pieces an uncursed scroll of identify a blessed spellbook of extra healing a blessed spellbook of healing an uncursed spellbook of invisibility a blessed spellbook of stone to flesh 2 blessed potions of extra healing 2 uncursed potions of extra healing 4 uncursed potions of healing an empty cursed sack a cursed chrysoberyl stone a cursed dilithium crystal an uncursed worthless piece of orange glass an uncursed worthless piece of white glass Arasaka the Healer's attributes: Background: You were a Rhizotomist, a level 1 female gnomish Healer. You were neutral, nominally on a mission for Hermes who was opposed by Athena (lawful) and Poseidon (chaotic). You were in the Gnomish Mines, on level 4. You entered the dungeon 1449 turns ago. You had 11 experience points, 9 more were needed to attain level 2. Basics: You had 0 out of 12 hit points. You had 6 out of 7 energy points (spell power). Your armor class was 8. Your wallet contained 11 zorkmids. Autopickup was on for '$"?' plus thrown, with exceptions. Final Characteristics: Your strength was 10 (limit:18/50). Your dexterity was 10 (limit:18). Your constitution was 15 (limit:18). Your intelligence was 9 (limit:19). Your wisdom was 15 (limit:18). Your charisma was 17 (limit:18). Final Status: You were not hungry. You were unencumbered. You were wielding a club. You were unskilled in club. Final Attributes: You were devoutly aligned. You were poison resistant. You had infravision. You were warded. You are dead. Miscellaneous: You disabled loading of bones levels. Total elapsed playing time was 25 minutes and 21 seconds. Vanquished creatures: 3 dwarves 2 acid blobs a gas spore a green mold 2 gnomes 2 geckos 4 jackals a fox a kobold 2 goblins 5 grid bugs 2 lichens a kobold zombie 4 newts 31 creatures vanquished. No species were genocided or became extinct. Voluntary challenges: You were an atheist. You were illiterate. You never engraved Elbereth. You never genocided any monsters. You never polymorphed an object. You never changed form. You used no wishes. Achievement: You entered the Gnomish Mines. The Dungeons of Doom: levels 1 to 3 Level 1: Level 2: A sink. Stairs down to The Gnomish Mines. Level 3: The Gnomish Mines: levels 3 to 4 Level 3: Level 4: <- You were here. Final resting place for you, killed by a goblin. Game over: ---------- / \ / REST \ / IN \ / PEACE \ / \ | Arasaka | | 1301 Au | | killed by a | | goblin | | | | | | 2022 | *| * * * | * _________)/\\_//(\/(/\)/\//\/|_)_______ Goodbye Arasaka the Healer... You died in The Gnomish Mines on dungeon level 4 with 217 points, and 1301 pieces of gold, after 1449 moves. You were level 1 with a maximum of 12 hit points when you died.